 Dungeon Crawl Stone Soup version 0.29-a0-541-gaf1fc19f1b (webtiles) character file.

Game seed: 7613749204601346480

121 Sobieck the Grave Robber (level 4, 0/30 HPs)
             Began as a Vampire Necromancer on June 2, 2022.
             Slain by a water moccasin zombie (3 damage)
             ... on level 3 of the Dungeon.
             The game lasted 00:06:55 (2922 turns).

Sobieck the Grave Robber (Vampire Necromancer)      Turns: 2922, Time: 00:06:56

Health: 0/30       AC:  3    Str:  7    XL:     4   Next: 77%
Magic:  8/8        EV: 13    Int: 19    God:
Gold:   107        SH:  0    Dex: 14    Spells: 0/8 levels left

rFire   . . .      SeeInvis +   a - +0 dagger (vamp) {short}
rCold   . . .      Faith    .   (no shield)
rNeg    . . .      Spirit   .   f - +0 robe
rPois   .          Reflect  .   (no helmet)
rElec   .          Harm     .   x - +0 cloak
rCorr   .          Rampage  .   (no gloves)
Will    .....                   (no boots)
Stlth   +++.......              (no amulet)
HPRegen 0.30/turn               (no ring)
MPRegen 0.11/turn               (no ring)

@: healing quickly
A: alive, fangs 3, see invisible, vampiric 2
a: Exsanguinate


You were on level 3 of the Dungeon.
You visited 1 branch of the dungeon, and saw 3 of its levels.

You collected 107 gold pieces.


Innate Abilities, Weirdness & Mutations

Your natural rate of healing is accelerated.
You have razor-sharp teeth.
You have supernaturally acute eyesight. (SInv)
You are afflicted with vampirism and can become a bat while bloodless.


   Skills:
 - Level 3.0 Dodging
 - Level 4.0 Stealth
 + Level 2.7 Spellcasting
 * Level 5.7 Necromancy


You couldn't memorise any spells.
You knew the following spells:

 Your Spells              Type           Power      Damage    Failure   Level
a - Necrotize             Necr           96%        1d8       1%          1
b - Vampiric Draining     Necr           24%        2d7       4%          3
c - Animate Dead          Necr           24%        N/A       16%         4

Your spell library contained the following spells:

 Spells                   Type           Power      Damage    Failure   Level
 Agony                    Necr           24%        N/A       38%         5
 Summon Ice Beast         Ice/Summ       2%         N/A       83%         4
 Summon Mana Viper        Hex/Summ       2%         N/A       99%         5
 Monstrous Menagerie      Summ           1%         N/A       100%        7

Inventory:

Hand Weapons
 a - a +0 vampiric dagger (weapon) {short}
   (You took it off a goblin on level 2 of the Dungeon)
 d - a +0 mace {mace}
   (You found it on level 1 of the Dungeon)
 m - a +0 dagger {short}
   (You found it on level 1 of the Dungeon)
Missiles
 i - 84 stones {throwing}
Armour
 e - a +0 pair of boots
   (You found it on level 1 of the Dungeon)
 f - a +0 robe (worn)
 h - a +0 leather armour
   (You found it on level 1 of the Dungeon)
 o - a +0 ring mail
   (You found it on level 2 of the Dungeon)
 q - a +0 chain mail
   (You found it on level 2 of the Dungeon)
 t - a +0 leather armour
   (You found it on level 1 of the Dungeon)
 u - a +0 plate armour
   (You found it on level 1 of the Dungeon)
 w - a +0 robe
   (You found it on level 3 of the Dungeon)
 x - a +0 cloak (worn)
   (You found it on level 3 of the Dungeon)
 A - a +0 leather armour
   (You found it on level 3 of the Dungeon)
Scrolls
 j - 2 scrolls of vulnerability {unknown}
 k - a scroll of teleportation {unknown}
 l - 3 scrolls of noise {unknown}
 n - 3 scrolls of fear {unknown}
 p - a scroll of poison {unknown}
 r - 2 scrolls of identify {unknown}
 s - a scroll of enchant weapon {unknown}
 y - a scroll of amnesia {unknown}
Potions
 b - a potion of magic
 c - 2 potions of haste {unknown}
 g - 2 potions of resistance {unknown}
 v - a potion of curing {unknown}
 z - a potion of might {unknown}

Dungeon Overview and Level Annotations

Branches:
Dungeon (3/15)

Altars:
Yredelemnul

######### ......
##.......# . .....
#..♣♣.♣♣..... ....
#.♣♣...♣♣###.# ...
##.♣.♣.♣.♣.##.# ...
#.♣.♣♣@♣♣..♣#.###..
#..♣♣.Z..♣.♣..)..######
#♣..♣._.♣....>.........
♣.♣♣...♣........######
♣..♣♣♣♣♣.♣......#
#...............######
##♣♣.....###.#........
#..♣♣♣## #.#.#######
#### #.#.#


You could see a water moccasin zombie.


Message History

Unknown command.
You hit the scorpion zombie but do no damage.
The scorpion zombie closely misses you.
You hit the scorpion zombie. Your bite misses the scorpion zombie.
The scorpion zombie barely misses you.
You hit the scorpion zombie. You bite the scorpion zombie.
You destroy the scorpion zombie!
Training target 3.0 for Dodging reached!
Your Dodging skill increases to level 3!
Unknown command.
You start resting.
You start resting.
Unknown command.
A giant cockroach comes into view.
Danger!
The helpless giant cockroach fails to defend itself.
You puncture the giant cockroach!
You kill the giant cockroach!
No target in view!
Danger!
The quokka zombie bites you.
You hit the quokka zombie. Your bite misses the quokka zombie.
The quokka zombie barely misses you.
You hit the quokka zombie.
You punch the quokka zombie, but do no damage.
The quokka zombie completely misses you.
You hit the quokka zombie. The quokka zombie closely misses you.
You barely miss the quokka zombie. You bite the quokka zombie.
The quokka zombie bites you.
You hit the quokka zombie.
You destroy the quokka zombie!
No target in view!
An adder zombie comes into view.
Danger!
You hit the adder zombie. The adder zombie barely misses you.
You hit the adder zombie. The adder zombie closely misses you.
You hit the adder zombie. You bite the adder zombie.
The adder zombie bites you.
You closely miss the adder zombie.
The adder zombie bites you but does no damage.
You hit the adder zombie but do no damage.
The adder zombie bites you.
You closely miss the adder zombie.
The adder zombie bites you but does no damage.
You hit the adder zombie but do no damage.
You bite the adder zombie.
The adder zombie bites you but does no damage.
You closely miss the adder zombie. Your punch misses the adder zombie.
The adder zombie completely misses you.
You closely miss the adder zombie. The adder zombie closely misses you.
You closely miss the adder zombie. You bite the adder zombie.
The adder zombie bites you. x2
You hit the adder zombie but do no damage.
The adder zombie bites you.
You are too injured to fight recklessly!
You are too injured to fight recklessly!
You are too injured to fight recklessly!
You are too injured to fight recklessly!
You are too injured to fight recklessly!
You hit the adder zombie.
The adder zombie bites you but does no damage.
You hit the adder zombie.
You destroy the adder zombie!
Unknown command.
r - 2 scrolls labelled ZEENEZAUF (gained 1)
A water moccasin zombie comes into view.
Found a basalt altar of Yredelemnul.
Danger!
The helpless water moccasin zombie fails to defend itself.
You puncture the water moccasin zombie! The water moccasin zombie misses you.
You hit the water moccasin zombie.
The water moccasin zombie closely misses you.
The water moccasin zombie bites you.
You hit the water moccasin zombie.
The water moccasin zombie barely misses you.
You hit the water moccasin zombie.
Your bite misses the water moccasin zombie.
The water moccasin zombie bites you!
You hit the water moccasin zombie but do no damage.
You punch the water moccasin zombie.
The water moccasin zombie barely misses you.
You closely miss the water moccasin zombie.
The water moccasin zombie closely misses you.
You hit the water moccasin zombie. The water moccasin zombie bites you. x2
You hit the water moccasin zombie. The water moccasin zombie bites you.
* * * LOW HITPOINT WARNING * * *
You hit the water moccasin zombie.
Your bite misses the water moccasin zombie.
The water moccasin zombie bites you.
* * * LOW HITPOINT WARNING * * *
Unknown command.
You hit the water moccasin zombie.
The water moccasin zombie completely misses you.
You hit the water moccasin zombie but do no damage.
The water moccasin zombie bites you!
* * * LOW HITPOINT WARNING * * *
Unknown command.
You hit the water moccasin zombie but do no damage.
The water moccasin zombie bites you.
You die...

Skill      XL: |  1  2  3  4 |
---------------+-------------+-----
Necromancy     | 5 |  5.7
Stealth        | 4 |  4.0
Dodging        | 3 |  3.0
Spellcasting   | |  2.7

Action                   |  1- 3 |  4- 6 || total
-------------------------+-------+-------++-------
Melee: Dagger            |    75 |    72 ||   147
       Mace              |     1 |       ||     1
       Bite              |     4 |    14 ||    18
       Punch             |     2 |     3 ||     5
 Cast: Necrotize         |    43 |    15 ||    58
 Stab: Sleeping          |     3 |     2 ||     5
       Distracted        |     1 |       ||     1
Armor: Robe              |    13 |    12 ||    25
Dodge: Dodged            |    56 |    34 ||    90

Levels and vault maps discovered:
D:1:      amcnicky_arrival_abandoned_market, layout_rooms, serial_park_tiny_2,
          minmay_misc_feat_columns
D:2:      layout_basic, ebering_ecumenical_altar_mist, minivault_23
D:3:      layout_basic, nicolae_yredelemnul_corpse_copse, minivault_5

Notes
Turn   | Place    | Note
-------+----------+-------------------------------------------
     0 | D:1      | Sobieck the Vampire Necromancer began the quest for the
                  | Orb.
     0 | D:1      | Reached XP level 1. HP: 13/13 MP: 3/3
   252 | D:1      | Reached XP level 2. HP: 19/19 MP: 0/5
   260 | D:1      | You fall into a shaft and drop 1 floor!
   625 | D:2      | Found a faded altar of an unknown god.
   662 | D:2      | Gained mutation: You are afflicted with vampirism and can
                  | become a bat while bloodless. [Vampire growth]
   662 | D:2      | Reached XP level 3. HP: 15/24 MP: 1/6
   666 | D:2      | Learned a level 3 spell: Vampiric Draining
   766 | D:2      | Reached skill level 5 in Necromancy
   821 | D:2      | You pick up a book of Beasts and begin reading...
   821 | D:2      | You add the spells Summon Ice Beast, Summon Mana Viper and
                  | Monstrous Menagerie to your library.
  1578 | D:1      | Reached skill level 4 in Stealth
  2265 | D:3      | Reached XP level 4. HP: 30/30 MP: 5/7
  2300 | D:3      | Learned a level 4 spell: Animate Dead
  2721 | D:3      | HP: 7/30 [scorpion zombie (3)]
  2725 | D:3      | Reached skill level 3 in Dodging
  2906 | D:3      | Found a basalt altar of Yredelemnul.
  2921 | D:3      | HP: 3/30 [water moccasin zombie (7)]
  2922 | D:3      | Slain by a water moccasin zombie

Vanquished Creatures
  A scorpion zombie (D:3)
  3 adders
  An adder zombie (D:3)
  2 dart slugs
  4 ball pythons
  3 bats
  5 endoplasms
  4 giant cockroaches
  4 goblins
  5 hobgoblins
  5 jackals
  3 quokkas
  3 frilled lizards
  8 kobolds
  A quokka zombie (D:3)
  A rat (D:2)
53 creatures vanquished.

Vanquished Creatures (collateral kills)
  A jackal (D:1)
1 creature vanquished.

Grand Total: 54 creatures vanquished

Table legend:
 A = Non-vault XP
 B = Vault XP
 C = Vault XP percentage of total XP
 D = Non-vault monster count
 E = Vault monster count
 F = Vault count percentage of total count
                 A         B        C        D         E       F
            +---------+---------+-------+---------+---------+-------
      Total |     130 |      44 |  25.3 |      51 |       3 |   5.6
            +---------+---------+-------+---------+---------+-------
        D:1 |      37 |       0 |   0.0 |      19 |       0 |   0.0
        D:2 |      59 |       0 |   0.0 |      20 |       0 |   0.0
        D:3 |      34 |      44 |  56.4 |      12 |       3 |  20.0
            +---------+---------+-------+---------+---------+-------

Illustrated notes

Table legend:
 A = Kills in this place as a percentage of kills in entire the game.
 B = Kills by you in this place as a percentage of kills by you in the entire game.
 C = Kills by friends in this place as a percentage of kills by friends in the entire game.
 D = Other kills in this place as a percentage of other kills in the entire game.
 E = Experience gained in this place as a percentage of experience gained in the entire game.
 F = Experience gained in this place divided by the number of levels of this place that you have seen.
                   A       B       C       D       E      F
               +-------+-------+-------+-------+-------+----------------------
         Total | 100.0 | 100.0 | 100.0 |   N/A | 100.0 |  58.0
       Dungeon | 100.0 | 100.0 | 100.0 |   N/A | 100.0 |  58.0
               +-------+-------+-------+-------+-------+----------------------

Table legend: (Time is in decaauts)
 A = Elapsed time spent in this place.
 B = Non-inter-level travel time spent in this place.
 C = Inter-level travel time spent in this place.
 D = Time resting spent in this place.
 E = Time spent auto-exploring this place.
 F = Levels seen in this place.
 G = Mean time per level.
                   A        B        C        D        E       F      G
               +--------+--------+--------+--------+--------+-----+--------+
         Total |   2919 |   2798 |    121 |    129 |   2199 |   3 |  973.0 |
       Dungeon |   2919 |   2798 |    121 |    129 |   2199 |   3 |  973.0 |
               +--------+--------+--------+--------+--------+-----+--------+

Top non-repeatable levels by time:
     D:2: 1439 daAuts
     D:1: 815 daAuts
     D:3: 664 daAuts
